 Dungeon Crawl Stone Soup version 0.30-a0-358-g0d69a1922f (webtiles) character file.

Game seed: 14229153307949534214

532 hikkokomori the Digger (level 7, 0/36 HPs)
             Began as a Gargoyle Earth Elementalist on Nov 11, 2022.
             Slain by a gnoll bouda
             ... wielding a +0 club
              (4 damage)
             ... on level 5 of the Dungeon.
             The game lasted 00:04:07 (3740 turns).

hikkokomori the Digger (GrEE)                       Turns: 3740, Time: 00:04:08

Health: 0/36       AC:  7    Str: 11    XL:     7   Next: 24%
Magic:  1/13       EV: 11    Int: 18    God:
Gold:   217        SH:  0    Dex: 10    Spells: 10/14 levels left

rFire   . . .      SeeInvis .    h - +0 sling
rCold   . . .      Faith    .    (no shield)
rNeg    + . .      Spirit   .    a - +0 robe
rPois   ∞          Reflect  .    s - +0 hat
rElec   +          Harm     .    (no cloak)
rCorr   .          Rampage  .    (no gloves)
Will    .....                    m - +0 pair of boots
Stlth   ++........               t - amulet of the acrobat
HPRegen 0.26/turn                (no ring)
MPRegen 0.13/turn                (no ring)

@: about to teleport
A: sickness immunity, AC +4, negative energy resistance 1, electricity
resistance, torment resistance 1, petrification resistance
a: no special abilities


You were on level 5 of the Dungeon.
You visited 1 branch of the dungeon, and saw 5 of its levels.

You collected 217 gold pieces.

Inventory:

Hand Weapons
 h - a +0 sling (weapon)
 x - a +0 morningstar
Armour
 a - a +0 robe (worn)
 m - a +0 pair of boots (worn)
 s - a +0 hat (worn)
Jewellery
 f - a ring of fire
 t - an amulet of the acrobat (around neck)
Scrolls
 g - a scroll of blinking {unknown}
 j - a scroll of poison {unknown}
 k - 5 scrolls of identify {unknown}
 p - a scroll of teleportation
 q - a scroll of silence {unknown}
 v - a scroll of amnesia {unknown}
 w - a scroll of enchant armour {unknown}
 y - a scroll of immolation {unknown}
Potions
 b - a potion of magic
 c - 5 potions of curing {unknown}
 d - 2 potions of berserk rage {unknown}
 e - a potion of attraction {unknown}
 i - 2 potions of brilliance {unknown}
 l - a potion of invisibility {unknown}
 n - 2 potions of ambrosia {unknown}
 o - 2 potions of mutation {unknown}
 r - a potion of might {unknown}
 u - a potion of degeneration {unknown}
 z - a potion of lignification {unknown}


   Skills:
 - Level 1.5 Dodging
 - Level 2.1 Stealth
 + Level 4.4 Spellcasting
 + Level 4.1 Conjurations
 - Level 0.7 Transmutations
 + Level 6.4 Earth Magic


You had 10 spell levels left.
You knew the following spells:

 Your Spells              Type           Power      Damage    Failure   Level
a - Sandblast             Erth           54%        2d13      1%          1
b - Stone Arrow           Conj/Erth      46%        3d9       4%          3

Your spell library contained the following spells:

 Spells                   Type           Power      Damage    Failure   Level
 Passwall                 Tmut/Erth      13%        N/A       4%          2
 Static Discharge         Conj/Air       22%        2-3/arc   9%          2
 Apportation              Tloc           6%         N/A       14%         1
 Necrotise                Necr           12%        1d4       14%         1
 Summon Small Mammal      Summ           12%        N/A       14%         1
 Wereblood                Tmut           6%         N/A       16%         2
 Petrify                  Tmut/Erth      16%        N/A       32%         4
 Animate Armour           Summ/Erth      30%        N/A       36%         4
 Vhi's Electric Charge    Tloc/Air       6%         N/A       38%         3
 Arcjolt                  Conj/Air       5%         1d15      86%         5
 Lightning Bolt           Conj/Air       5%         1d17      86%         5
 Summon Hydra             Summ           1%         N/A       100%        7
 Lehudib's Crystal Spear  Conj/Erth      11%        10d4      100%        8
 Sublimation of Blood     Necr           Unusable   N/A       N/A         2

Dungeon Overview and Level Annotations

Branches:
Dungeon (5/15)
 Temple: D:4-7

Altars:
Sif Muna
Wu Jian
The Shining One


Innate Abilities, Weirdness & Mutations

You are immune to sickness and miasma.
Your stone body is resilient. (AC +4)
You are immune to poison.
You resist negative energy. (rN+)
You are resistant to electric shocks. (rElec)
You are resistant to unholy torment.
You are immune to petrification.


Message History

The gnoll bouda is lightly wounded.
Your attacks no longer feel as feeble.
The gnoll hits you from afar with a +0 spear.
The gnoll bouda hits you with a +0 club.
You are too injured to fight recklessly!
You are too injured to fight recklessly!
You are too injured to fight recklessly!
Casting: Sandblast (safe; 1% risk of failure)
Confirm with . or Enter, or press ? or * to list all spells.
Aiming: Stone Arrow (dangerous; 4% risk of failure)
Press: ? - help, Shift-Dir - straight line, f/p - gnoll bouda
Aim: a gnoll bouda, wielding a +0 club and wearing a +0 leather armour (lightly wounded, 75% to hit)
The stone arrow hits the gnoll bouda!
The gnoll bouda is heavily wounded.
The gnoll barely misses you.
The gnoll bouda hits you with a +0 club!
* * * LOW HITPOINT WARNING * * *
Unknown command.
Casting: Stone Arrow (dangerous; 4% risk of failure)
Confirm with . or Enter, or press ? or * to list all spells.
Aiming: Stone Arrow (dangerous; 4% risk of failure)
Press: ? - help, Shift-Dir - straight line, f/p - gnoll bouda
Aim: a gnoll bouda, wielding a +0 club and wearing a +0 leather armour (heavily wounded, 75% to hit)
The stone arrow hits the gnoll bouda!
The gnoll bouda is almost dead.
The gnoll hits you but does no damage.
The gnoll bouda prays to its god.
The gnoll bouda is healed somewhat.
Unknown command.
Casting: Stone Arrow (dangerous; 4% risk of failure)
Confirm with . or Enter, or press ? or * to list all spells.
You don't have enough magic to cast this spell.
Unknown command.
Unknown command.
As you read the scroll labelled YSICEO OVODWA, it crumbles to dust.
You feel strangely unstable.
It was a scroll of teleportation.
The gnoll hits you from afar with a +0 spear.
* * * LOW HITPOINT WARNING * * *
The gnoll bouda hits you with a +0 club.
You die...

### ..# ########
..######......#
..'....'......+
..######......#
..#
#......####+#####
..#
#................
..#
#...............$
..#
#........@)......
..#
#.........gg.)...
..#
#######..!.......
..# .[..........
..# .............
..#
#.............
###
#.............
#...######.###


You could see a gnoll bouda and a gnoll (swift).

Vanquished Creatures
  2 black bears
  A necrophage (D:4)
  An orc priest (D:4)
  A hound (D:4)
  2 iguanas (D:4)
  2 gnolls (D:5)
  7 adders
  An ufetubus (D:3)
  2 dart slugs (D:1)
  3 orcs (D:4)
  6 endoplasms
  4 giant cockroaches
  9 goblins
  7 hobgoblins
  4 jackals
  4 quokkas
  6 ball pythons
  8 bats
  8 frilled lizards
  5 kobolds
  7 rats
90 creatures vanquished.

Notes
Turn   | Place    | Note
-------+----------+-------------------------------------------
     0 | D:1      | hikkokomori the Gargoyle Earth Elementalist began the quest
                  | for the Orb.
     0 | D:1      | Reached XP level 1. HP: 10/10 MP: 3/3
    53 | D:1      | Reached skill level 4 in Earth Magic
    53 | D:1      | Reached XP level 2. HP: 14/15 MP: 1/5
   119 | D:1      | Found a faded altar of an unknown god.
   689 | D:1      | Reached XP level 3. HP: 19/19 MP: 3/6
   702 | D:1      | Learned a level 3 spell: Stone Arrow
   954 | D:2      | Found an ornate altar of the Wu Jian Council.
  1131 | D:2      | Reached skill level 1 in Conjurations
  1199 | D:2      | Reached XP level 4. HP: 21/24 MP: 1/8
  1971 | D:3      | Found a glowing golden altar of the Shining One.
  1979 | D:3      | Reached skill level 5 in Earth Magic
  2189 | D:3      | Reached XP level 5. HP: 28/28 MP: 6/9
  2284 | D:3      | Found a shimmering blue altar of Sif Muna.
  2882 | D:4      | Reached XP level 6. HP: 32/32 MP: 7/11
  3194 | D:4      | Noticed a black bear
  3199 | D:4      | Killed a black bear
  3207 | D:4      | Reached skill level 6 in Earth Magic
  3652 | D:5      | Entered Level 5 of the Dungeon
  3652 | D:5      | Noticed a black bear
  3654 | D:5      | Killed a black bear
  3655 | D:5      | Reached XP level 7. HP: 36/36 MP: 8/13
  3740 | D:5      | Slain by a gnoll bouda

Illustrated notes

Levels and vault maps discovered:
D:1:      minmay_arrival_semitransparent, layout_basic,
          shapermc_ecumenical_altar_ellora
D:2:      layout_loops_ring, basic_altar, minmay_between
D:3:      layout_loops_cross, lemuel_blue_sif_altar, overflow_temple_1_default,
          roderic_roman_lattice, grunt_ministairs_14
D:4:      minmay_wonky_spiral, layout_basic, minmay_surrounded
D:5:      layout_basic

Skill      XL: |  1  2  3  4  5  6 |
---------------+-------------------+-----
Earth Magic    | 4 5 6 |  6.4
Conjurations   | 1 2 4 |  4.1
Spellcasting   | 3 4 |  4.4
Dodging        | |  1.5
Stealth        | |  2.1
Transmutations | |  0.7

Action                   |  1- 3 |  4- 6 |  7- 9 || total
-------------------------+-------+-------+-------++-------
 Fire: Sling             |    14 |    76 |     2 ||    92
 Cast: Sandblast         |    43 |    66 |     7 ||   116
       Stone Arrow       |       |     2 |     2 ||     4
  Use: Scroll            |       |       |     1 ||     1
Armor: Robe              |     5 |    10 |     4 ||    19
Dodge: Dodged            |     8 |    17 |     6 ||    31

Table legend: (Time is in decaauts)
 A = Elapsed time spent in this place.
 B = Non-inter-level travel time spent in this place.
 C = Inter-level travel time spent in this place.
 D = Time resting spent in this place.
 E = Time spent auto-exploring this place.
 F = Levels seen in this place.
 G = Mean time per level.
                   A        B        C        D        E       F      G
               +--------+--------+--------+--------+--------+-----+--------+
         Total |   3833 |   3703 |    130 |      0 |   3187 |   5 |  766.6 |
       Dungeon |   3833 |   3703 |    130 |      0 |   3187 |   5 |  766.6 |
               +--------+--------+--------+--------+--------+-----+--------+

Top non-repeatable levels by time:
     D:2: 987 daAuts
     D:1: 970 daAuts
     D:4: 933 daAuts
     D:3: 849 daAuts
     D:5: 92 daAuts
